 Dungeon Crawl Stone Soup version 0.30.1-11-g7821555f0a (webtiles) character file.

Game seed: 12958123618595213083

32 booth the Trooper (level 3, -2/29 HPs)
             Began as a Demonspawn Monk on Dec 28, 2023.
             Succumbed to Sigmund's poison
             ... on level 2 of the Dungeon.
             The game lasted 00:06:32 (797 turns).

booth the Trooper (Demonspawn Monk)                  Turns: 797, Time: 00:06:32

Health: -2/29      AC:  9    Str: 13    XL:     3   Next: 10%
Magic:  3/3        EV: 12    Int: 11    God:
Gold:   34         SH:  0    Dex: 15    Spells: 2/2 levels left

rFire   . . .        a - +0 hand axe
rCold   . . .        d - orb {light}
rNeg    . . .        h - +0 leather armour
rPois   .            (helmet restricted)
rElec   .            (no cloak)
rCorr   .            (no gloves)
SInv    .            (no boots)
Will    .....        (no amulet)
Stlth   +            (no ring)
HPRegen 0.24/turn    (no ring)
MPRegen 0.08/turn

%: no passive effects
@: lethally poisoned (-2 -> -13), sanguine armoured, glowing
A: sanguine armour 1, condensation shield, claws 1, horns 1, evolution 1
a: no special abilities


You were on level 2 of the Dungeon.
You visited 1 branch of the dungeon, and saw 2 of its levels.

You collected 84 gold pieces.
You spent 50 gold pieces at shops.

Inventory:

Hand Weapons
 a - a +0 hand axe (weapon)
 g - a +0 mace
Armour
 b - a +0 ring mail
 d - an orb of light (worn)
 h - a +0 leather armour (worn)
Scrolls
 j - a scroll of enchant weapon {unknown}
Potions
 f - a potion of flight


   Skills:
 + Level 3.4 Fighting
 * Level 3.3 Axes
 - Level 2.9 Dodging


You had 2 spell levels left.
You didn't know any spells.
Your spell library contained the following spells:

 Spells                   Type           Power      Damage    Failure   Level
 Cigotuvi's Dreadful Rot  Necr/Pois/Air  0%         N/A       56%         2
 Dispel Undead            Necr           0%         3d6       99%         4
 Death Channel            Necr           0%         N/A       100%        6


Dungeon Overview and Level Annotations

Branches:
Dungeon (2/15)

Altars:

Shops:
D:1 *

Annotations:
D:2 Sigmund


Innate Abilities, Weirdness & Mutations

When seriously injured, your blood forms armour. (AC +6)
A meltable shield of frost defends you. (SH +0)
You have sharp fingernails.
You have a pair of small horns on your head.
You have hidden genetic potential.


Message History

Sigmund is heavily wounded.
Sigmund hits you with a +4 scythe of venom!
Your blood congeals into armour.
You are poisoned.
You hit Sigmund.
Sigmund is severely wounded.
You feel very sick.
You hit Sigmund but do no damage.
Sigmund is severely wounded.
You feel very sick.
Sigmund hits you with a +4 scythe of venom.
You hit Sigmund but do no damage.
Sigmund is severely wounded.
* * * LOW HITPOINT WARNING * * *
You feel very sick. Sigmund hits you but does no damage.
It was a potion of mutation.
You feel extremely strange. A pair of horns grows on your head!
You feel a hidden potential growing inside you.
Your fingernails lengthen.
* * * LOW HITPOINT WARNING * * *
You feel sick.
You hit Sigmund but do no damage.
Sigmund is severely wounded.
* * * LOW HITPOINT WARNING * * *
You feel sick.
Sigmund points at you and mumbles some strange words.
The puff of flame hits you.
* * * LOW HITPOINT WARNING * * *
You hit Sigmund.
Sigmund is almost dead.
* * * LOW HITPOINT WARNING * * *
You feel sick.
Sigmund screams, "Only death can liberate you!"
Sigmund hits you with a +4 scythe of venom.
* * * LOW HITPOINT WARNING * * *
You are more poisoned.
You barely miss Sigmund.
Sigmund is almost dead.
You die...

#. #.. ###
#..########..... ##
#..#.$..@@...... .
.# #..#.#######.##.
.##.#####....>......
............#######
#...........#####.#
##.#######.#.#g....#
.......)...#.#.#####
#.######.....#.# #.#
#.....#.#####


You could see Sigmund.

Vanquished Creatures
  A dart slug (D:1)
  2 endoplasms (D:1)
  3 giant cockroaches
  2 goblins
  2 hobgoblins (D:1)
  4 jackals (D:2)
  A quokka (D:1)
  A ball python (D:1)
  3 bats (D:1)
  A frilled lizard (D:2)
  5 kobolds (D:1)
  4 rats (D:1)
29 creatures vanquished.

Notes
Turn   | Place    | Note
-------+----------+-------------------------------------------
     0 | D:1      | booth the Demonspawn Monk began the quest for the Orb.
     0 | D:1      | Reached XP level 1. HP: 18/18 MP: 1/1
   164 | D:1      | Gained mutation: A meltable shield of frost defends you.
                  | (SH +0) [demonic ancestry]
   164 | D:1      | Reached XP level 2. HP: 21/24 MP: 2/2
   472 | D:1      | Found Cuul's Assorted Antiques.
   477 | D:1      | Bought a scroll of identify for 50 gold pieces
   675 | D:2      | Gained mutation: When seriously injured, your blood forms
                  | armour. (AC +6) [demonic ancestry]
   675 | D:2      | Reached XP level 3. HP: 22/29 MP: 3/3
   770 | D:2      | Noticed Sigmund
   794 | D:2      | Gained mutation: You have a pair of small horns on your
                  | head. [potion of mutation]
   794 | D:2      | Gained mutation: You have hidden genetic potential. [potion
                  | of mutation]
   794 | D:2      | Gained mutation: You have sharp fingernails. [potion of
                  | mutation]
   796 | D:2      | HP: 1/29 [Sigmund/+4 scythe of venom (1)]
   797 | D:2      | Succumbed to Sigmund's poison

Illustrated notes

Levels and vault maps discovered:
D:1:      mushboom_english_gardens, layout_basic, serial_shops,
          nicolae_shop_just_a_little_nook, solitary_fountain
D:2:      layout_loops_ring, basic_altar, serial_co_window_serial,
          co_window_paths_b, co_window_corner_a, co_window_of_opportunity_a,
          co_window_of_opportunity_a, co_window_of_opportunity_a,
          co_window_corner_cb, co_window_broadway_c, co_window_2corner,
          co_window_2corner, co_window_of_opportunity_c, uniq_sigmund,
          uniq_terence

Skill      XL: |  1  2 |
---------------+-------+-----
Axes           | 3 |  3.3
Fighting       | |  3.4
Dodging        | |  2.9

Action                     || total
---------------------------++-------
  Melee: Hand axe          ||    82
    Use: Scroll            ||     2
         Potion            ||     3
 Armour: Robe              ||     3
         Leather armour    ||    17
  Dodge: Dodged            ||    54
  Block: Orb               ||    10
